 Dungeon Crawl Stone Soup version 0.23.1-37-gaa34b87 (webtiles) character file.

Game seed: 1283007560964501421

45 Pnafan the Shooter (level 3, -3/30 HPs)
             Began as a Centaur Hunter on Mar 24, 2019.
             Slain by a worker ant (5 damage)
             ... on level 4 of the Dungeon.
             The game lasted 00:11:45 (1445 turns).

Pnafan the Shooter (Centaur Hunter)                 Turns: 1445, Time: 00:11:46

Health: -3/30      AC:  5    Str: 15    XL:     3   Next: 42%
Magic:  3/3        EV:  9    Int: 10    God:
Gold:   59         SH:  0    Dex:  9    Spells: 2/2 levels left

rFire    . . .     SeeInvis .   b - +0 short sword
rCold    . . .     Gourm    .   (no shield)
rNeg     . . .     Faith    .   c - +0 leather armour
rPois    .         Spirit   .   (no helmet)
rElec    .         Reflect  .   (no cloak)
rCorr    .         Harm     .   l - +0 pair of gloves
MR       .....                  (no barding)
Stlth    +.........             (no amulet)
HPRegen  0.10/turn              j - ring of flight
MPRegen  0.08/turn              (no ring)

@: very quick
A: large, hooves 3, deformed body, speed 2, tough skin 3
a: Evoke Flight


You were on level 4 of the Dungeon.
You were not hungry.

You visited 1 branch of the dungeon, and saw 4 of its levels.

You collected 59 gold pieces.

Inventory:

Hand Weapons
 a - a +1 shortbow
 b - a +0 short sword (weapon)
 m - a cursed +0 whip
 p - a cursed +0 club
Missiles
 d - 39 arrows
Armour
 c - a +0 leather armour (worn)
 l - a +0 pair of gloves (worn)
 n - a +0 robe of magic resistance
Jewellery
 j - a ring of flight (left hand)
Scrolls
 e - 3 scrolls of identify {unknown}
 h - a scroll of teleportation {unknown}
 k - a scroll of enchant weapon {unknown}
 s - 2 scrolls of noise {unknown}
Potions
 i - 2 potions of lignification {unknown}
 o - a potion of flight {unknown}
 q - a potion of curing {unknown}
 r - a potion of brilliance {unknown}
Comestibles
 f - 5 rations
 g - 3 chunks of flesh


   Skills:
 + Level 2.4 Fighting
 * Level 6.1 Bows
 + Level 0.7 Armour
 + Level 1.8 Dodging
 - Level 0.4 Stealth


You had 2 spell levels left.
You didn't know any spells.
Your spell library was empty.

Dungeon Overview and Level Annotations

Branches:
Dungeon (4/15)
 Temple: D:4-7

Altars:


Innate Abilities, Weirdness & Mutations

You have hooves in place of feet.
Armour fits poorly on your strangely shaped body.
You cover ground very quickly.
You have extremely tough skin. (AC +3)


Message History

The worker ant is lightly wounded.
The worker ant barely misses you.
You hit the worker ant. Your kick misses the worker ant.
The worker ant is moderately wounded.
The worker ant bites you but does no damage.
The adder skeleton closely misses you.
The worker ant bites you but does no damage.
The adder skeleton bites you.
* * * LOW HITPOINT WARNING * * *
You hit the worker ant.
You kick the worker ant, but do no damage.
The worker ant is heavily wounded.
The worker ant bites you.
* * * LOW HITPOINT WARNING * * *
The adder skeleton bites you.
* * * LOW HITPOINT WARNING * * *
You hit the worker ant.
The worker ant is heavily wounded.
The worker ant bites you.
You die...

...## #.###.
....# #....#
....# #.####
.§#.# ♣♣♣.♣
###.# ♣♣...♣
#.# >
♣♣..♣♣♣ #.#
♣..♣♣ ♣..♣♣
#.# ♣...♣♣♣♣
♣♣.♣ #.#
♣a@Z♣♣ ♣♣.♣♣
#.#
♣♣♣♣.♣♣♣♣.♣♣
#.#
♣...♣♣..♣
#.#
♣♣♣....♣♣
#.# ♣♣.♣♣♣
##.# ♣♣.♣
#..# ♣♣ #.##
#[#


You could see a worker ant and an adder skeleton.

Vanquished Creatures
  2 dart slugs (D:1)
  2 ball pythons
  4 giant cockroaches (D:1)
  3 hobgoblins
  5 jackals (D:1)
  2 quokkas
  4 bats (D:1)
  6 goblins (D:1)
  3 kobolds (D:1)
  7 rats
38 creatures vanquished.

Notes
Turn   | Place    | Note
-------+----------+-------------------------------------------
     0 | D:1      | Pnafan the Centaur Hunter began the quest for the Orb.
     0 | D:1      | Reached XP level 1. HP: 17/17 MP: 1/1
   260 | D:1      | Reached XP level 2. HP: 24/24 MP: 2/2
   781 | D:1      | Reached XP level 3. HP: 29/29 MP: 3/3
   842 | D:1      | Reached skill level 6 in Bows
  1236 | D:4      | Noticed a phantom
  1445 | D:4      | Slain by a worker ant

Skill      XL: |  1  2  3 |
---------------+----------+-----
Bows           | 6 |  6.1
Fighting       | |  2.4
Armour         | |  0.7
Dodging        | |  1.8
Stealth        | |  0.4

Action                   || total
-------------------------++-------
Melee: Short sword       ||   104
       Kick              ||    25
 Fire: Shortbow          ||     8
  Eat: Chunk             ||     1
Armor: Leather armour    ||    57
Dodge: Dodged            ||    43
